 Dungeon Crawl Stone Soup version 0.23.2-30-g0e89c35649 (webtiles) character file.

Game seed: 11008791300957235262

3314 senseless the Basher (level 9, -1/69 HPs)
             Began as a Demonspawn Fighter on June 20, 2019.
             Was a Follower of Qazlal.
             Killed from afar by an electric eel (14 damage)
             ... with a bolt of electricity
             ... on level 8 of the Dungeon.
             The game lasted 00:28:00 (9441 turns).

senseless the Basher (Demonspawn Fighter)           Turns: 9441, Time: 00:28:01

Health: -1/69      AC: 12    Str: 20    XL:     9   Next: 70%
Magic:  9/9        EV: 12    Int:  9    God:    Qazlal [*.....]
Gold:   35         SH: 12    Dex: 13    Spells: 8/8 levels left

rFire    + . .     SeeInvis +   a - +1 flail
rCold    . . .     Gourm    .   c - +0 shield
rNeg     . . .     Faith    .   t - +3 leather armour {rF+}
rPois    .         Spirit   .   o - +0 helmet {SInv}
rElec    .         Reflect  .   j - scarf {repulsion}
rCorr    .         Harm     .   (no gloves)
MR       +....                  q - +0 pair of boots
Stlth    +.........             (no amulet)
HPRegen  0.21/turn              l - ring of see invisible
MPRegen  0.11/turn              v - ring of protection from magic

@: studying Axes, repel missiles
A: claws 1, slimy green scales 2, powered by death 1
a: Renounce Religion


You were on level 8 of the Dungeon.
You worshipped Qazlal.
Qazlal was aware of your devotion.
You were not hungry.

You visited 2 branches of the dungeon, and saw 9 of its levels.

You collected 356 gold pieces.
You spent 321 gold pieces at shops.

Inventory:

Hand Weapons
 a - a +1 flail (weapon)
 m - a +1 whip of holy wrath
Armour
 b - a +0 scale mail
 c - a +0 shield (worn)
 j - a scarf of repulsion (worn)
 o - a +0 helmet of see invisible (worn)
 q - a +0 pair of boots (worn)
 t - a +3 leather armour of fire resistance (worn)
Jewellery
 l - a ring of see invisible (left claw)
 v - a ring of protection from magic (right claw)
Wands
 u - a wand of paralysis (12)
Scrolls
 d - 5 scrolls of remove curse
 g - 2 scrolls of blinking
 i - a scroll of amnesia
Potions
 e - 4 potions of curing
 h - a potion of lignification
 k - a potion of agility
 n - a potion of invisibility
 r - a potion of haste
Books
 s - a manual of Axes
Comestibles
 f - 12 rations


   Skills:
 + Level 5.7 Fighting
 + Level 8.5 Maces & Flails
 + Level 5.2 Armour
 + Level 3.9 Dodging
 + Level 0.7 Stealth
 + Level 6.2 Shields


You had 8 spell levels left.
You didn't know any spells.
Your spell library contained the following spells:

 Spells                   Type           Power        Failure   Level  Hunger
 Animate Skeleton         Necr           N/A          83%         1    ##.....
 Apportation              Tloc           #.....       83%         1    ##.....
 Confusing Touch          Hex            #.....       83%         1    ##.....
 Corona                   Hex            #......      83%         1    ##.....
 Summon Small Mammal      Summ           #...         83%         1    ##.....
 Ensorcelled Hibernation  Hex/Ice        #.....       92%         2    ###....
 Confuse                  Hex            #.......     99%         3    ####...
 Dazzling Spray           Conj/Hex       #.....       99%         3    ####...
 Tukima's Dance           Hex            #.......     99%         3    ####...


Dungeon Overview and Level Annotations

Branches:
Dungeon (8/15)             Temple (1/1) D:7
   Lair: D:8-11

Altars:
Ashenzari
Cheibriados
Dithmenos
Elyvilon
Fedhas
Hepliaklqana
Makhleb
Nemelex Xobeh
Okawaru
Qazlal
Ru
Sif Muna
Trog
Vehumet
Wu Jian
Xom
Yredelemnul
Zin
The Shining One

Shops:
D:7 (**:!

Annotations:
D:3 3 runed translucent doors, troglodite's ghost, amateur DsNe


Innate Abilities, Weirdness & Mutations

You have sharp fingernails.
You are mostly covered in slimy green scales. (AC +3)
You regenerate a little health from kills.


Message History

The bolt of electricity hits you!
The electric eel shoots out a bolt of lightning at you!
The bolt of electricity hits you!
An electric eel comes into view.
The electric eel shoots out a bolt of lightning at you!
The bolt of electricity hits you!
You completely miss the electric eel.
The electric eel shoots out a bolt of lightning at you!
The bolt of electricity hits you!
You are too injured to fight recklessly!
You hit the electric eel.
The electric eel is moderately wounded.
The electric eel shoots out a bolt of lightning at you!
The bolt of electricity hits you!
The electric eel shoots out a bolt of lightning at you!
The bolt of electricity hits you!
* * * LOW HITPOINT WARNING * * *
The electric eel shoots out a bolt of lightning at you!
The bolt of electricity hits you!
You die...

#.....#
#.≈≈≈≈≈.≈≈≈≈≈.≈
###.#####.≈###≈.≈ ≈.≈
#†####..≈# ≈.≈ ≈.≈
##.......≈###≈.≈ ≈.
#........;≈≈≈≈.≈
########..............
...............≈≈≈≈≈.;
#.#######..☼..○≈###≈.≈
#[#@#..≈# ≈ #......≈#
#.###..≈≈≈≈≈ #..
.........
#####..≈≈≈≈≈.
#..≈###≈. ...≈# ≈.
...≈# ..≈≈


You could see an electric eel.

Vanquished Creatures
  Sigmund (D:2)
  Eustachio (D:6)
  Menkaure (D:7)
  An orc warrior (D:7)
  2 sky beasts
  An ice beast (D:4)
  A black bear (D:8)
  A phantom (D:4)
  6 ogres
  2 centaurs (D:7)
  A bullfrog (D:8)
  A gnoll sergeant (D:7)
  2 scorpions (D:5)
  5 killer bees (D:8)
  2 electric eels (D:8)
  4 crimson imps (D:7)
  2 bullfrog zombies
  2 hounds
  2 orc priests
  4 orc wizards
  A centaur skeleton (D:6)
  2 jellies
  11 worker ants
  Natasha (thrice) (D:4)
  An iguana (D:6)
  A killer bee zombie (D:7)
  A worker ant zombie (D:5)
  8 gnolls
  11 adders
  3 shadow imps
  An ooze (D:2)
  An adder zombie (D:7)
  2 adder skeletons (D:4)
  6 worms
  A dart slug (D:5)
  5 leopard geckos
  13 orcs
  6 bats
  9 giant cockroaches
  9 goblins
  8 hobgoblins
  13 jackals
  14 kobolds
  4 quokkas
  A ball python (D:2)
  10 frilled lizards
  A jackal skeleton (D:7)
  9 rats
197 creatures vanquished.

Notes
Turn   | Place    | Note
-------+----------+-------------------------------------------
     0 | D:1      | senseless the Demonspawn Fighter began the quest for the
                  | Orb.
     0 | D:1      | Reached XP level 1. HP: 18/18 MP: 1/1
   325 | D:1      | Gained mutation: You are partially covered in slimy green
                  | scales. (AC +2) [demonic ancestry]
   325 | D:1      | Reached XP level 2. HP: 24/24 MP: 2/2
   354 | D:1      | Reached skill level 2 in Maces & Flails
   614 | D:1      | Gained mutation: You regenerate a little health from kills.
                  | [demonic ancestry]
   614 | D:1      | Reached XP level 3. HP: 20/29 MP: 3/3
   908 | D:2      | Reached skill level 1 in Dodging
  1463 | D:2      | Gained mutation: You are mostly covered in slimy green
                  | scales. (AC +3) [demonic ancestry]
  1463 | D:2      | Reached XP level 4. HP: 35/35 MP: 4/4
  1530 | D:2      | Noticed Sigmund
  1536 | D:2      | Killed Sigmund
  1536 | D:2      | Reached skill level 3 in Maces & Flails
  1536 | D:2      | Reached XP level 5. HP: 19/41 MP: 5/5
  1631 | D:2      | Found a bloodstained altar of Trog.
  2228 | D:2      | Reached XP level 6. HP: 38/48 MP: 6/6
  2320 | D:3      | Noticed troglodite's ghost (amateur DsNe)
  2351 | D:3      | Found a runed translucent gate.
  2351 | D:3      | Found a runed translucent gate.
  2351 | D:3      | Found a runed translucent gate.
  3045 | D:4      | Reached skill level 4 in Maces & Flails
  3168 | D:4      | Reached XP level 7. HP: 53/53 MP: 7/7
  3628 | D:4      | Noticed Natasha
  3696 | D:4      | Killed Natasha
  3737 | D:4      | Noticed Natasha
  3741 | D:4      | Killed Natasha
  3741 | D:4      | Reached skill level 5 in Maces & Flails
  4330 | D:4      | Noticed Natasha
  4339 | D:4      | Killed Natasha
  4379 | D:5      | Entered Level 5 of the Dungeon
  4470 | D:5      | Found a bloodstained altar of Trog.
  4569 | D:5      | Gained mutation: You have sharp fingernails. [demonic
                  | ancestry]
  4569 | D:5      | Reached XP level 8. HP: 27/61 MP: 8/8
  4920 | D:5      | Found a snail-covered altar of Cheibriados.
  5029 | D:5      | Found a shimmering altar of Xom.
  5357 | D:6      | Reached skill level 6 in Maces & Flails
  5626 | D:6      | Reached skill level 5 in Shields
  6185 | D:6      | Noticed Eustachio
  6224 | D:6      | Killed Eustachio
  6224 | D:6      | Reached skill level 5 in Armour
  6867 | D:7      | Reached skill level 5 in Fighting
  6899 | D:7      | Reached skill level 7 in Maces & Flails
  6902 | D:7      | Found Ceurot's Distillery.
  6912 | D:7      | Bought a potion of haste for 120 gold pieces
  6912 | D:7      | Bought a potion of curing for 36 gold pieces
  6912 | D:7      | Bought 2 potions of curing for 72 gold pieces
  6912 | D:7      | Bought a potion of lignification for 36 gold pieces
  6920 | D:7      | Found a glowing silver altar of Zin.
  7031 | D:7      | Found a staircase to the Ecumenical Temple.
  7041 | D:7      | Reached XP level 9. HP: 54/68 MP: 9/9
  7048 | Temple   | Entered the Ecumenical Temple
  7079 | Temple   | Became a worshipper of Qazlal Stormbringer
  7620 | D:7      | Found Guqoen's Antique Weapon Shoppe.
  7624 | D:7      | Found Saryn's Assorted Antiques.
  7632 | D:7      | Bought a scroll labeled TIUCSE BECAFOELO for 31 gold pieces
  8166 | D:7      | Found Ushaqasch's Book Boutique.
  8244 | D:7      | Noticed Menkaure
  8254 | D:7      | Killed Menkaure
  8254 | D:7      | Reached skill level 8 in Maces & Flails
  8298 | D:7      | Found Kenaw's Assorted Antiques.
  8306 | D:7      | Bought a scroll labeled NAM XEIDEM for 26 gold pieces
  8349 | D:7      | Reached * piety under Qazlal
  9441 | D:8      | Killed from afar by an electric eel

Skill      XL: |  1  2  3  4  5  6  7  8  9 |
---------------+----------------------------+-----
Maces & Flails | 2 3 4 5 7 8 |  8.5
Shields        | 3 4 5 6 |  6.2
Dodging        | 1 2 3 |  3.9
Armour         | 3 4 5 |  5.2
Fighting       | 4 5 |  5.7
Stealth        | |  0.7

Action                   |  1- 3 |  4- 6 |  7- 9 || total
-------------------------+-------+-------+-------++-------
Melee: Flail             |   148 |   278 |   616 ||  1042
  Use: Scroll            |     1 |     5 |     9 ||    15
       Potion            |       |     3 |     2 ||     5
  Eat: Chunk             |     2 |     6 |    14 ||    22
       Ration            |       |       |     2 ||     2
Armor: Scale mail        |    68 |   127 |   115 ||   310
       Leather armour    |       |       |    68 ||    68
Dodge: Dodged            |    45 |   104 |   240 ||   389
       Deflected         |       |     5 |     7 ||    12
Block: Shield            |    71 |   140 |   316 ||   527
